[Event "*** Titled Tuesday Blitz"]
[Site "Chess.com"]
[Date "2018.06.05"]
[Round "2"]
[White "Velis23"]
[Black "NormWeinstein"]
[Result "1/2-1/2"]
[WhiteElo "2245"]
[BlackElo "2368"]
[TimeControl "180+2"]
[EndTime "13:27:35 PDT"]
[Termination "Game drawn - insufficient material"]

1. Nf3 Nf6 2. g3 g6 3. Bg2 Bg7 4. O-O O-O 5. d4 c5 6. c4 d6 7.
Nc3 Nc6 8. dxc5 dxc5 9. Qxd8 Rxd8 10. Be3 Nd4 11. Rfd1 Ng4 12. Bxd4 cxd4 13. Nd5 e6 14. Nc7 Rb8 15. e3 Rd7 16. Nb5 dxe3 17. Nxa7 exf2+ 18. Kh1 Ne3 19. Rd2 Rxd2 20. Nxd2 Bd7 21.
Nb5 Bxb5 22. cxb5 Bxb2 23. Rb1 Bc3 24. Nf1 Ng4 25. h3 Ne5 26. Rc1 Bd4 27. a4 b6 28. Nd2 Kg7 29. Nf3 Nxf3 30. Bxf3 Rd8 31. Kg2 Rd7 32. Rc6 Kf6 33. h4 Ra7 34. Rc4 Ke5 35. Be2 f5 36. Bf3 Bc5 37. Bd1 Rd7 38. Be2 Rd2 39. Bf1 Ra2 40. Kf3 Ra3+ 41. Kg2 Kd5 42. h5 Bd6 43. h6 Rxg3+ 44. Kxf2 Ra3 45. Rc6 Rxa4 46. Bg2+ Ke5 47. Kf1 Bc5 48. Rc7 Ra2 49.
Rxh7 Rf2+ 50. Kg1 Rb2+ 51. Kh2 Be3 52. Rh8 Bf4+ 53. Kg1 Bxh6 54. Rxh6 g5 55. Bc6 g4 56.
Bd7 Kf4 57. Bxe6 Rxb5 58. Rf6 Re5 59. Bc8 b5 60. Kf2 Rc5 61. Bd7 Rd5 62. Be6 Ke5 63.
Bxd5 Kxf6 64. Bc6 b4 65. Bd5 Ke5 66. Bb3 Kd4 67. Kg3 Kc3 68. Be6 b3 69. Bxf5 b2 70. Kxg4 Kd4 71. Bg6 Ke3 72. Bf5 Kd4 73. Bg6 Ke5 74.
Bf5 Kd4 75. Bb1 Ke3 76. Bc2 Kd2 77. Bb1 Kc1 78. Bf5 Kd1 79. Bg6 Kd2 80. Bf5 b1=Q 81. Bxb1 1/2-1/2

[Event "*** Titled Tuesday Blitz"]
[Site "Chess.com"]
[Date "2018.06.05"]
[Round "2"]
[White "BlueWizzard"]
[Black "Muracle"]
[Result "1/2-1/2"]
[WhiteElo "2482"]
[BlackElo "2440"]
[TimeControl "180+2"]
[EndTime "13:27:55 PDT"]
[Termination "Game drawn by agreement"]

1. d4 Nf6 2. Nf3 g6 3. h4 h5 4. c4 Bg7 5. Nc3 d5 6. Bg5 Ne4 7. cxd5 Nxg5 8. hxg5 c6 9. dxc6 Nxc6 10. e3 Bg4 11. Be2 O-O 12. d5 Nb4 13.
e4 Rc8 14. Qb3 Qa5 15. O-O Na6 16. Qxb7 Nc5 17. Qb5 Qxb5 18. Bxb5 Bxc3 19. bxc3 Nxe4 20. c4 Bxf3 21. gxf3 Nd2 22. Rfc1 Nxf3+ 23. Kg2 Nxg5 24. Re1 Rc7 25. Rac1 Rd8 26. a4 f6 27. f4 Nf7 28.
Bc6 Nd6 29. c5 Nf5 30. a5 Kf7 31. Ba4 Nd4 32. Red1 Ne2 33. Rc4 g5 34. Bb3 Rb7 35. Rd3 Nxf4+ 36. Rxf4 gxf4 37. d6+ Rxb3 38. Rxb3 exd6 39.
c6 Rc8 40. Rb7+ Ke6 41. c7 Kf5 42. Kf3 h4 43. a6 h3 44. Rb5+ Ke6 45. Kxf4 Rxc7 46.
Rb7 Rc4+ 47. Kg3 Rc3+ 48. Kh2 Ra3 49. Rxa7 Kf5 50. Ra8 Ke5 51. Re8+ Kd4 52. Ra8 d5 53. Ra7 f5 54. Rf7 Rxa6 55. Rxf5 Rg6 56. Rf1 Kc5 57. Rc1+ Kd6 58. Rd1 Rh6 59. Rd2 Rh4 60. Rd1 d4 61. Kg3 Re4 62. Kxh3 Kd5 63. Kg3 Re3+ 64. Kf2 Ke4 65.
Rh1 Rb3 66. Rh8 Kd3 67. Rh3+ Kc2 68. Rh2 d3 69. Ke1+ Kc1 70. Ra2 Rb1 71. Rd2 Rb3 72. Ra2 Rb8 73. Ra1+ Kb2 74. Ra7 Kc2 75. Rc7+ Kb2 76.
Kd1 Rb3 77. Kd2 Ka3 78. Rc4 Ka2 79. Ra4+ Kb2 80. Ra5 Rb8 81. Rd5 Rb3 1/2-1/2

[Event "*** Titled Tuesday Blitz"]
[Site "Chess.com"]
[Date "2018.06.05"]
[Round "2"]
[White "bangchess21"]
[Black "Fianchettoed-Tower"]
[Result "1-0"]
[WhiteElo "2538"]
[BlackElo "2317"]
[TimeControl "180+2"]
[EndTime "13:28:11 PDT"]
[Termination "bangchess21 won by resignation"]

1. e4 g6 2. d4 Bg7 3. Nc3 d6 4. f4 Nf6 5. Nf3 O-O 6. e5 Nfd7 7. Bc4 c5 8. e6 Nb6 9. exf7+ Kh8 10. h4 Nxc4 11.
h5 Bg4 12. hxg6 h5 13. Qd3 cxd4 14. Ne4 Qa5+ 15. Kf2 Ne3 16. Nxd4 Nf5 17. Ne6 Nc6 18. c3 Nh6 19. Nxf8 Rxf8 20. Be3 Bf5 21. Rxh5 Bxe4 22. Qe2 Bxg6 23. Rxa5 Nxa5 24. Rh1 Rxf7 25. Kg3 Kg8 26. Qb5 Nf5+ 27. Kf2 b6 28. g4 Nxe3 29. Kxe3 Rf8 30.
Qg5 Bf7 31. Qf5 Nc4+ 32. Kd3 Nxb2+ 33. Kc2 Bb3+ 34. axb3 Rxf5 35. gxf5 Nc4 36. bxc4 Kf7 37.
Ra1 Bh6 38. Rxa7 Bxf4 39. Kd3 Kf6 40. Ke4 Bg3 41. Rb7 Bf2 42. Rb8 Be1 43. Rf8+ Kg7 44.
Re8 Kf7 45. Rb8 Bf2 46. Kf3 Bc5 47. Kf4 Kf6 48. Rb7 Bf2 49. Rb8 Bc5 50. Rf8+ Kg7 51. Re8 Kf7 52. Rh8 Kg7 53. Rh2 Kf6 54. Re2 Bg1 55.
Re6+ Kf7 56. Kg5 Bf2 57. Re2 Bc5 58. Rh2 Be3+ 59. Kg4 Kf6 60. Re2 Bc5 61. Re6+ Kf7 62. Kh5 Ba3 63. Re4 Bb2 64. Re3 Kf6 65. Kg4 Ba1 66. Rh3 Bb2 67. Kf4 Bc1+ 68. Ke4 Bd2 69. Rf3 Be1 70. Kd5 Kg5 71. Kc6 Kg4 72. Re3 Bh4 73.
Re4+ Kg5 74. Kxb6 Bf2+ 75. Kc6 Kf6 76. Re6+ Kf7 77. Kd7 Bh4 78. Rh6 Bf6 79. Rh7+ Kf8 80. Ke6 Bxc3 81. Rxe7 Be5 82. Rd7 Kg8 1-0

[Event "*** Titled Tuesday Blitz"]
[Site "Chess.com"]
[Date "2018.06.05"]
[Round "2"]
[White "Jadeit90"]
[Black "aqmarkin"]
[Result "1-0"]
[WhiteElo "2168"]
[BlackElo "2221"]
[TimeControl "180+2"]
[EndTime "13:28:11 PDT"]
[Termination "Jadeit90 won by resignation"]

1. g3 d5 2. Bg2 Nf6 3. c4 c6 4. cxd5 Nxd5 5. Nf3 Nd7 6. O-O N7f6 7. d4 Bf5 8. Nc3 e6 9. Re1 Bd6 10. Ne5 Nxc3 11. bxc3 Bxe5 12. dxe5 Qxd1 13. Rxd1 Nd5 14. Bb2 Nb6 15. e4 Bg6 16. Rd4 c5 17. Rdd1 Nc4 18. Bc1 Ke7 19. Bg5+ f6 20. exf6+ gxf6 21. Bh4 e5 22. f4 Rhd8 23. Bf1 Rxd1 24. Rxd1 Ne3 25. Re1 Nxf1 26. Kxf1 exf4 27. gxf4 Kf7 28. f5 Bh5 29. e5 fxe5 30. Rxe5 Re8 31. Rxc5 Re4 32. Rc7+ Kg8 33. Bg3 Be2+ 34. Kf2 Ba6 35. f6 Re2+ 36. Kf3 Kf8 37. f7 Re6 38. Bh4 Be2+ 39. Kf4 Bh5 40. Rxb7 a6 41. Kf5 Bxf7 42. Bf6 Re8 43. Ra7 Bg6+ 44. Kg5 Re6 45. h4 Rc6 46. Bd4 Bd3 47. h5 Bb5 48. Rxh7 Bd3 49. Ra7 Rd6 50. h6 Rd5+ 51. Kf4 Rh5 52. Bg7+ Kg8 53. Ke3 Bb5 54. a4 Bxa4 55. Rxa6 Bb5 56. Rb6 Bc4 57. Kd4 Bf1 58. Rb8+ Kh7 59. Rh8+ Kg6 60. Rf8 Bb5 61. Rf6+ Kh7 62.
Rd6 Bf1 63. Rc6 Bb5 64. Rc7 Bf1 65. c4 Rh4+ 66. Kd5 Rh5+ 67. Kd6 Rf5 68. c5 Bg2 69. Ke7 Kg6 70. Kd8 Rd5+ 71. Kc8 Bh3+ 72. Kb8 Bg2 73. Ka7 Rd1 74. c6 Rc1 75. Kb6 Rb1+ 76.
Kc5 Rc1+ 77. Kd6 Rd1+ 78. Ke7 Re1+ 79. Kd8 Rd1+ 80. Kc8 Rd5 81. Ra7 Bh3+ 82. Kc7 Rc5 83. Ra6 Bg2 84. Rb6 Rc2 85. Kd6 Rd2+ 86. Ke5 Re2+ 87. Kd4 Rd2+ 88. Ke3 Rd6 89. c7 Rxb6 90. c8=Q 1-0

[Event "*** Titled Tuesday Blitz"]
[Site "Chess.com"]
[Date "2018.06.05"]
[Round "2"]
[White "chessdude"]
[Black "murmah2003"]
[Result "1/2-1/2"]
[WhiteElo "2434"]
[BlackElo "2478"]
[TimeControl "180+2"]
[EndTime "13:28:22 PDT"]
[Termination "Game drawn by repetition"]

1. Nf3 g6 2. e4 Bg7 3. d4 d6 4. c4 Nf6 5. Nc3 O-O 6. Be2 c6 7. O-O e5 8. Qc2 Qe7 9. d5 Bg4 10. h3 Bxf3 11. Bxf3 cxd5 12. cxd5 Nbd7 13. Be3 a6 14.
Rac1 Rfc8 15. Qb1 Qf8 16. g4 Kh8 17. Ne2 Ng8 18. Rxc8 Rxc8 19. Rc1 Bh6 20. g5 Bg7 21. Bg4 Qd8 22. Rxc8 Qxc8 23. Qc1 Qd8 24. h4 Ne7 25.
Ng3 Kg8 26. Kg2 Nf8 27. h5 Nd7 28. a4 Nc8 29. a5 Bf8 30. b4 Be7 31. hxg6 hxg6 32.
Nf1 Kg7 33. Nh2 Kg8 34. Bh3 Kg7 35. Bg4 Kg8 36. Nf3 Kg7 37. Ne1 Kg8 38. Nd3 Kh7 39. Nb2 Kg8 40. Na4 Kh7 41. Nb2 Kg8 42. Nc4 Kh7 43. Kf1 Kg8 44. Nb2 Kh7 45. Nd3 Kg8 46. Kg2 Kh7 47. f3 Kg8 48. Kg3 Kh7 49. Qh1+ Kg8 50.
Qc1 Kh7 51. Nf2 Kg8 52. Nh3 Kh7 53. Ng1 Kg8 54. Ne2 Kg7 55. Kg2 Kg8 56. Ng3 Kg7 57. Kf2 Kg8 58. Kg1 Kg7 59. Nh1 Kg8 60. Nf2 Kg7 61. Nh3 Kg8 62. Kg2 Kg7 63. Qc4 Kg8 64. Kf2 Kg7 65. Ke2 Kg8 66. Kd3 Kh7 67. Kc2 Kg8 68.
Kb3 Kh7 69. Qc1 Kg8 70. Nf2 Kg7 71. Nd3 Kg8 72. Bh3 Kg7 73. Bd2 Kg8 74. Nf2 Na7 75. Be3 Nb5 76. Ng4 Kg7 77. Nf2 Kg8 78. Nd3 Kg7 79.
Ne1 Kg8 80. Nd3 Kg7 81. Ne1 Kg8 82. Nd3 1/2-1/2

[Event "*** Titled Tuesday Blitz"]
[Site "Chess.com"]
[Date "2018.06.05"]
[Round "2"]
[White "ulises2013"]
[Black "saraswathii"]
[Result "0-1"]
[WhiteElo "2358"]
[BlackElo "2285"]
[TimeControl "180+2"]
[EndTime "13:28:41 PDT"]
[Termination "saraswathii won by resignation"]

1. e4 c5 2. g3 d5 3. exd5 Qxd5 4. Nf3 Bg4 5. Bg2 Nc6 6. O-O O-O-O 7. h3 Bh5 8. d3 e5 9. Nc3 Qd7 10. g4 Bg6 11.
Be3 h5 12. Nh4 hxg4 13. Nxg6 fxg6 14. Qxg4 Nf6 15. Qxd7+ Kxd7 16. Rae1 b6 17. Bg5 Bd6 18. Ne4 Be7 19. Ng3 Bd6 20. c3 Kc7 21. Ne4 Be7 22. Ng3 Bd6 23. Re3 Rd7 24. Rfe1 Rhd8 25. Bf3 Rh8 26. h4 Rf7 27. Kg2 Ne7 28. Be4 Nxe4 29. Rxe4 Nf5 30. R1e2 Kc6 31. Rg4 Re8 32. a4 Re6 33.
Ne4 Bc7 34. Bc1 Rd7 35. Rd2 Rd8 36. Rd1 Rh8 37. Bg5 a6 38. Rh1 Bd8 39. Bxd8 Rxd8 40. Rh3 Nh6 41. Rg5 Nf7 42. Rgg3 Nh6 43. Ng5 Re7 44.
Re3 Nf5 45. Re4 b5 46. axb5+ axb5 47. Nf3 Kd5 48. Rg4 Re6 49. h5 Rdd6 50. Rg5 Ne7 51. Rh4 gxh5 52. Rhxh5 Ng6 53. Kf1 Nf4 54. Rxe5+ Rxe5 55. Rxe5+ Kc6 56. d4 Nd3 57. Re2 cxd4 58. Nxd4+ Kc5 59. Re3 Nxb2 60. Kg2 Nd1 61. Nb3+ Kc4 62.
Na5+ Kc5 63. Rg3 Rd7 64. Kf1 Re7 65. Kg2 Kb6 66. Nb3 Re2 67. Rg6+ Kc7 68. Rxg7+ Kd6 69.
Rf7 Nxc3 70. Nd4 Rd2 71. Nb3 Rb2 72. Nd4 b4 73. Rf5 Nd1 74. Kg3 Rd2 75. Nb5+ Ke6 76. Rf4 b3 77. Rb4 b2 78. f3 Kd5 79. Na3 Nc3 80.
Rb3 Ne2+ 81. Kg4 Nd4 82. Rb8 Rg2+ 83. Kh3 Rf2 84. Kg3 Rxf3+ 85. Kg2 Rxa3 86. Rxb2 Ke4 87. Rf2 Ra8 88. Rf7 Rg8+ 89. Kf2 Ra8 90. Re7+ Kd3 91. Kg3 Nf5+ 92. Kf4 Nxe7 0-1

[Event "*** Titled Tuesday Blitz"]
[Site "Chess.com"]
[Date "2018.06.05"]
[Round "2"]
[White "Beca95"]
[Black "SergeiAza"]
[Result "1/2-1/2"]
[WhiteElo "2771"]
[BlackElo "2627"]
[TimeControl "180+2"]
[EndTime "13:28:47 PDT"]
[Termination "Game drawn by agreement"]

1. d4 Nf6 2. c4 e6 3. Nc3 Bb4 4. Nf3 O-O 5. Bg5 h6 6. Bh4 c5 7. d5 Bxc3+ 8. bxc3 d6 9. Nd2 Nbd7 10. dxe6 fxe6 11. e3 b6 12. Be2 Bb7 13. O-O Qe7 14. f3 e5 15. Qc2 Rae8 16. a4 a5 17. Rab1 Bc6 18. Bd3 g5 19. Bg3 Qg7 20. Ne4 Nxe4 21. Bxe4 Bxe4 22. Qxe4 Rf6 23. h3 Qf7 24. Rfd1 Kg7 25.
Rb2 Ree6 26. Rbd2 Qe7 27. Qc6 Kf7 28. h4 Rg6 29. hxg5 hxg5 30. Kf2 g4 31. Rh1 gxf3 32. Rh7+ Rg7 33. Rxg7+ Kxg7 34. gxf3 Nf6 35. Qxb6 Qf8 36. Ke2 e4 37. Bxd6 Qf7 38. Qc7 exf3+ 39. Kf1 Qxc7 40. Bxc7 Ne4 41. Rd7+ Kg8 42. Rd8+ Kf7 43. Rd7+ Ke8 44. Rh7 Rg6 45. Rh4 Nd2+ 46. Ke1 Rg2 47. Bg3 Rxg3 48. Kxd2 Rg2+ 49. Kd3 Rf2 50. Rf4 Rf1 51.
Ke4 Ra1 52. Rxf3 Rxa4 53. Kd5 Ra3 54. e4 a4 55. Kxc5 Ra1 56. Kb4 a3 57. c5 Kd7 58.
Rf7+ Kc6 59. Ra7 a2 60. Kc4 Re1 61. Ra6+ Kc7 62. Rxa2 Rxe4+ 63. Kd5 Rh4 64. Ra7+ Kb8 65. Re7 Rh6 66. Re6 Rh3 67. c4 Rh4 68. Rg6 Kc7 69. Rg7+ Kb8 70. c6 Rh1 71. Kc5 Rc1 72. c7+ Kb7 73. Rf7 Rc2 74. Rf4 Kxc7 75. Rf7+ Kc8 76.
Kb5 Rc1 77. c5 Kb8 78. Kb6 Rb1+ 79. Kc6 Rh1 80. Rf6 Rh2 81. Kb6 Rb2+ 82. Kc6 Rh2 83. Rf8+ Ka7 84. Rf7+ Kb8 85. Rb7+ Kc8 86. Rg7 Kb8 87.
Rg8+ Ka7 88. Kc7 Rh7+ 89. Kc8 Rh6 90. Rg7+ Ka6 91. Rd7 Kb5 92. Rd6 Rh8+ 93. Kc7 Kxc5 1/2-1/2

[Event "*** Titled Tuesday Blitz"]
[Site "Chess.com"]
[Date "2018.06.05"]
[Round "2"]
[White "Usurpov"]
[Black "TST2014"]
[Result "1/2-1/2"]
[WhiteElo "2435"]
[BlackElo "2479"]
[TimeControl "180+2"]
[EndTime "13:28:56 PDT"]
[Termination "Game drawn by agreement"]

1. e4 c5 2. Nf3 Nc6 3. d4 cxd4 4. Nxd4 Nf6 5. Nc3 d6 6. Bc4 e5 7. Nf3 h6 8. h3 Be7 9. O-O O-O 10. Be3 Be6 11. Bb3 a6 12. Re1 Na5 13. Qe2 Rc8 14. Rad1 Nc4 15. Bc1 Qc7 16. Nd5 Bxd5 17. exd5 b5 18.
Nd4 exd4 19. Qxe7 Nxd5 20. Qxc7 Rxc7 21. Rxd4 Ndb6 22. c3 d5 23. Kf1 Rcc8 24. Bc2 Rfe8 25. Rdd1 Kf8 26. Rxe8+ Rxe8 27. b3 Nd6 28. Be3 Ndc8 29.
a4 Rd8 30. a5 Na8 31. Be4 Nc7 32. Bb6 Rd7 33. c4 bxc4 34. bxc4 Ke7 35. Bxc7 Rxc7 36. Bxd5 Rc5 37. Bb7 Nd6 38. Bxa6 Rxa5 39. Bb5 Nxb5 40. cxb5 Rxb5 41. g3 h5 42. h4 g6 43. Kg2 Rb3 44. Rd2 Kf6 45. Rc2 Ke5 46. Re2+ Kf5 47. Rc2 f6 48. Rc5+ Ke6 49. Rc6+ Kf7 50.
Rc7+ Ke6 51. Rc6+ Ke5 52. Rc5+ Kd6 53. Rc8 Ra3 54. Rg8 Ke6 55. Rxg6 Kf7 56. Rh6 Ra5 57. Rh7+ Kg6 58. Rb7 Ra3 59. Kh3 Rc3 60. Rb5 Ra3 61. Kg2 Rc3 62. f3 Ra3 63. Rb4 Rc3 64. Re4 Ra3 65. Re2 Rc3 66. Rf2 Ra3 67. Kh3 Rc3 68. g4 hxg4+ 69. Kxg4 Rc4+ 70. Kg3 Ra4 71. Rb2 Ra3 72.
Rb5 Rc3 73. Kg4 Rc4+ 74. f4 Rc1 75. h5+ Kh6 76. Rb6 Rg1+ 77. Kf5 Kxh5 78. Rxf6 Ra1 79.
Re6 Ra8 80. Re7 Ra5+ 81. Re5 Ra6 82. Ke4+ Kg6 83. Rd5 Kf6 84. Rf5+ Ke6 85. Rh5 Ra4+ 86. Kf3 Kf6 87. Rh6+ Kf5 88. Rh5+ Kg6 89. Rg5+ Kf6 90.
Kg4 Rb4 91. Rc5 Ra4 92. Rc6+ Kg7 93. Kg5 Ra1 94. Rc7+ Kf8 95. f5 Ra6 96. Rd7 Rb6 97. Ra7 Rc6 98. f6 Rc1 1/2-1/2

[Event "*** Titled Tuesday Blitz"]
[Site "Chess.com"]
[Date "2018.06.05"]
[Round "2"]
[White "GhostOfGreenval"]
[Black "Vamostodorecto"]
[Result "1/2-1/2"]
[WhiteElo "2457"]
[BlackElo "2357"]
[TimeControl "180+2"]
[EndTime "13:31:58 PDT"]
[Termination "Game drawn by agreement"]

1. d4 d5 2. c4 dxc4 3. Nf3 Nf6 4. e3 b5 5. a4 b4 6. Bxc4 e6 7. a5 a6 8. O-O Bb7 9. Nbd2 Be7 10. Qe2 O-O 11. Nb3 Nbd7 12. Rd1 Qb8 13. Ne5 c5 14. Nd3 cxd4 15. exd4 Bc6 16. Bxe6 Qb7 17. Bxd7 Qxd7 18. Ne5 Qe6 19. Bg5 Bb7 20. Nd2 Nd5 21. Bxe7 Qxe7 22. Qg4 f5 23. Qg3 f4 24. Qg4 Nf6 25. Qh4 Qe6 26.
Rac1 Rad8 27. Ndf3 h6 28. Qxf4 Nd5 29. Qg4 Qxg4 30.
Nxg4 Nf4 31. Rc7 Ne2+ 32. Kf1 Bxf3 33. gxf3 Nxd4 34. Kg2 Nb5 35. Rxd8 Rxd8 36. Rc6 Rd2 37. Rxa6 Rxb2 38. Rb6 Nc3 39. a6 Ra2 40. Rxb4 Rxa6 41.
Rb8+ Kh7 42. Rb7 Nd5 43. Ne3 Rg6+ 44. Kf1 Nf4 45. Ra7 Rb6 46. Ke1 Rb1+ 47. Kd2 Rb2+ 48.
Kc3 Rxf2 49. Nf5 Rxf3+ 50. Kd2 Ne6 51. Ng3 Rf2+ 52. Ke3 Rxh2 53. Re7 Rh3 54. Kf3 Ng5+ 55. Kg4 Rh2 56. Nf5 Rg2+ 57. Kf4 Nh3+ 58. Kf3 Rg5 59.
Ne3 h5 60. Rd7 Kh6 61. Ng2 Ng1+ 62. Kf2 Nh3+ 63. Kf3 g6 64. Rd6 Rf5+ 65. Kg3 Ng5 66. Ra6 Ne4+ 67. Kh3 Rf3+ 68. Kh2 Rf6 69. Ra4 Nf2 70.
Ra8 Ng4+ 71. Kg3 Kg5 72. Ra5+ Rf5 73. Ra6 Rb5 74. Ra3 Re5 75. Rb3 Nf6 76. Nh4 Ne4+ 77. Kh3 Rd5 78. Nf3+ Kf4 79. Nh4 g5 80. Rf3+ Ke5 81. Ng6+ Kd6 82. Rf8 Rd3+ 83. Kg2 Ke6 84. Rh8 h4 85. Nxh4 gxh4 86. Rxh4 Rg3+ 87. Kh2 Re3 88.
Kg2 Ke5 89. Rh5+ Kd4 90. Ra5 Rc3 91. Ra4+ Ke3 92. Rb4 Rc2+ 93. Kh3 Kf3 94. Rb3+ Kf4 95. Rb4 Rd2 96. Ra4 Rd3+ 97. Kg2 Rg3+ 98. Kh2 Rg7 99. Rb4 Kf3 100. Rb3+ Kf2 101. Rb2+ Ke3 102. Rb3+ Kf4 103. Rb4 Kf3 104. Rb3+ Kf2 105. Rb2+ Ke1 106. Rb1+ Kd2 107. Rb2+ Kc3 108. Ra2 Kd3 109. Ra3+ Nc3 110. Kh3 Kd4 111. Kh4 Ne4 112. Ra4+ Ke5 113. Kh3 Kf4 114. Kh2 Kf3 115. Ra3+ Kg4 116. Ra4 Kf4 117. Rb4 Ke3 118. Rb3+ Ke2 119. Rb2+ Nd2 120. Ra2 Ke3 121. Ra3+ Kf2 122. Kh3 Nf3 123. Ra2+ Kf1 124. Ra1+ Ne1 125. Kh4 Kf2 126. Kh5 Rg3 127. Ra2+ Kg1 128. Kh4 Re3 129. Kg5 Ng2 130. Kf5 Rf3+ 131. Ke4 Rf1 132. Kd4 Re1 133. Kc3 1/2-1/2

[Event "*** Titled Tuesday Blitz"]
[Site "Chess.com"]
[Date "2018.06.05"]
[Round "2"]
[White "Anton_Demchenko"]
[Black "VerdeNotte"]
[Result "1/2-1/2"]
[WhiteElo "2777"]
[BlackElo "2626"]
[TimeControl "180+2"]
[EndTime "13:32:38 PDT"]
[Termination "Game drawn by 50-move rule"]

1. e4 c5 2. Nf3 d6 3. d4 cxd4 4. Qxd4 Nc6 5. Qe3 g6 6. Be2 Bg7 7.
O-O Nf6 8. Rd1 O-O 9. h3 Bd7 10.
Nc3 Rc8 11. Bd2 a6 12. Rac1 Re8 13. b3 e6 14. Be1 d5 15. e5 Ne4 16. Nxe4 dxe4 17. Qxe4 Qc7 18. c4 Ne7 19. Bb4 Bc6 20. Qf4 Bxf3 21. Qxf3 Bxe5 22. Qe4 Nc6 23. Bd2 Nd4 24.
Bf1 Bg7 25. Be3 e5 26. c5 Rcd8 27. Bc4 Kh8 28. Bxd4 exd4 29. Qf3 Re7 30. b4 Rde8 31. g3 a5 32. a3 Kg8 33. Kg2 h5 34. h4 Re5 35.
Bd3 Qe7 36. bxa5 Rxc5 37. Rxc5 Qxc5 38. Qxb7 Qxa5 39. Bc4 Rf8 40. Qb4 Qa8+ 41. Kg1 Rb8 42. Qe7 Rf8 43. Rb1 Qe8 44. Qxe8 Rxe8 45. a4 Rc8 46. Bf1 Ra8 47. Bb5 Bf8 48. Kf1 f6 49. Ke2 Bc5 50. Rc1 Ba7 51. Rc7 g5 52. Kd3 Bb6 53. Rc6 Bd8 54. Kxd4 gxh4 55. gxh4 Kg7 56. Ke4 Ra7 57. Kf5 Rc7 58. Re6 Rc5+ 59. Kf4 Re5 60.
Rc6 Rd5 61. Kg3 Rd4 62. Rc8 Rg4+ 63. Kh3 Rd4 64. f3 f5 65. f4 Kf7 66. Rc4 Rd3+ 67. Kg2 Rd2+ 68. Kf3 Bxh4 69. Rc7+ Ke6 70. a5 Rf2+ 71.
Ke3 Ra2 72. a6 Bf2+ 73. Kf3 h4 74. Rh7 Kd6 75. Bc4 Rc2 76. Bd3 Ra2 77. Bxf5 Bc5 78. Kg4 Rg2+ 79. Kf3 Rg3+ 80. Ke2 Re3+ 81. Kd2 Rf3 82.
a7 Bxa7 83. Rxa7 Rxf4 84. Bd3 h3 85. Rh7 Rf3 86. Ke2 Rg3 87. Bf5 Ke5 88. Bxh3 Rb3 89.
Bf1 Kf4 90. Rf7+ Ke5 91. Kf2 Rb2+ 92. Be2 Rb3 93. Bf3 Ra3 94. Kg3 Rc3 95. Rf8 Ra3 96. Rh8 Rc3 97. Rh5+ Kd4 98. Kf4 Rc4 99. Be4 Rc5 100.
Rh8 Ra5 101. Rd8+ Kc3 102. Ke3 Rc5 103. Rd2 Re5 104. Rc2+ Kb3 105. Rc8 Re7 106. Kd4 Rd7+ 107. Bd5+ Kb2 108.
Kc4 Kc2 109. Ra8 Kd2 110. Kd4 Ke2 111. Ra2+ Kd1 112. Ke4 Kc1 113. Rh2 Rd8 114. Kd4 Kd1 115. Kc4 Ke1 116. Be4 Rc8+ 117. Kd4 Kd1 118. Ke3 Kc1 119. Bd3 Re8+ 120. Kd4 Rc8 121. Rg2 Kd1 122. Ke3 Kc1 123. Rh2 Re8+ 124. Kd4 Rc8 125. Rf2 Kd1 126. Ke3 Kc1 127. Rf1+ Kb2 128. Rb1+ Ka3 129. Kd2 Ka4 130. Rb7 Rc5 131. Ke3 Rc8 132. Kd4 Ka5 133. Bc4 Rc6 134. Kd5 Rb6 135. Ra7+ Kb4 136. Kd4 Rd6+ 137. Bd5 Rb6 138. Ra1 Rb5 139. Bc4 Rb6 140. Ra2 Rd6+ 141. Bd5 Rb6 1/2-1/2

[Event "*** Titled Tuesday Blitz"]
[Site "Chess.com"]
[Date "2018.06.05"]
[Round "3"]
[White "Flawless2018"]
[Black "VovenRogel"]
[Result "1/2-1/2"]
[WhiteElo "2485"]
[BlackElo "2629"]
[TimeControl "180+2"]
[EndTime "13:35:16 PDT"]
[Termination "Game drawn by repetition"]

1. e4 c6 2. d4 d5 3. Nc3 dxe4 4. Nxe4 Bf5 5. Ng3 Bg6 6. h4 h6 7. Nf3 e6 8. Ne5 Bh7 9. Bd3 Bxd3 10. Qxd3 Nd7 11.
f4 Be7 12. Bd2 Nxe5 13. fxe5 Bxh4 14. O-O-O Bxg3 15. Qxg3 Ne7 16. Qxg7 Rg8 17. Qh7 Rxg2 18. Rhf1 Nf5 19. Rg1 Rxg1 20. Rxg1 Qxd4 21. Rg8+ Ke7 22. c3 Qe4 23. Rxa8 Qh1+ 24. Kc2 Qe4+ 25. Kc1 Qh1+ 26. Kc2 Qe4+ 27. Kc1 Qh1+ 1/2-1/2

[Event "*** Titled Tuesday Blitz"]
[Site "Chess.com"]
[Date "2018.06.05"]
[Round "3"]
[White "Martins-BR"]
[Black "ChrisTool2"]
[Result "1-0"]
[WhiteElo "2318"]
[BlackElo "2226"]
[TimeControl "180+2"]
[EndTime "13:36:08 PDT"]
[Termination "Martins-BR won by checkmate"]

1. e4 c5 2. Nf3 e6 3. d4 cxd4 4. Nxd4 a6 5. Bd3 Qc7 6. O-O Nf6 7. Qe2 d6 8. f4 Nbd7 9. Be3 Be7 10. Nd2 b6 11. g4 Nc5 12. g5 Nfd7 13. b4 Nxd3 14. cxd3 Bb7 15. Rac1 Qd8 16. f5 e5 17. Ne6 fxe6 18.
Qh5+ g6 19. fxg6 hxg6 20. Qxg6# 1-0

[Event "*** Titled Tuesday Blitz"]
[Site "Chess.com"]
[Date "2018.06.05"]
[Round "3"]
[White "sere99"]
[Black "Mbneu"]
[Result "1-0"]
[WhiteElo "2267"]
[BlackElo "2196"]
[TimeControl "180+2"]
[EndTime "13:36:44 PDT"]
[Termination "sere99 won by resignation"]

1. d4 d5 2. c4 e6 3. Nc3 c5 4.
cxd5 exd5 5. Nf3 Nc6 6. g3 Nf6 7. Bg2 Be7 8. O-O O-O 9. Bg5 c4 10.
Ne5 Be6 11. b3 cxb3 12. axb3 Nb4 13. Nd3 Rc8 14. Qd2 Ne4 15. Nxe4 Nxd3 16. exd3 dxe4 17.
Bxe7 Qxe7 18. dxe4 Bxb3 19. Rxa7 Rc2 20. Qe3 Qb4 21.
e5 Qb6 22. Rxb7 1-0

[Event "*** Titled Tuesday Blitz"]
[Site "Chess.com"]
[Date "2018.06.05"]
[Round "3"]
[White "Keaton87"]
[Black "biostatistician"]
[Result "0-1"]
[WhiteElo "2459"]
[BlackElo "2447"]
[TimeControl "180+2"]
[EndTime "13:37:16 PDT"]
[Termination "biostatistician won by resignation"]

1. e4 e6 2. d4 d5 3. Nd2 Nc6 4. Ngf3 Nf6 5. e5 Ne4 6. Bd3 Nxd2 7. Bxd2 Nb4 8. Bxb4 Bxb4+ 9. c3 Be7 10. O-O c5 11. dxc5 Bxc5 12. b4 Be7 13. Qe2 Bd7 14. Nd4 Rc8 15.
Rac1 a5 16. a3 Qb6 17. Qg4 O-O 18. h4 axb4 19. axb4 Rc7 20. Qh5 h6 21. Ne2 Rfc8 22.
Qf3 Bb5 23. g3 Bxd3 24. Qxd3 Rc4 25. Ra1 Re4 26. Rfe1 Rxe5 27. Nd4 Bf6 28. Qb5 Rxe1+ 29. Rxe1 Bxd4 0-1

[Event "*** Titled Tuesday Blitz"]
[Site "Chess.com"]
[Date "2018.06.05"]
[Round "3"]
[White "pedromartinez91"]
[Black "Karina_Oparina"]
[Result "1-0"]
[WhiteElo "2313"]
[BlackElo "2186"]
[TimeControl "180+2"]
[EndTime "13:37:21 PDT"]
[Termination "pedromartinez91 won by resignation"]

1. e4 c6 2. c4 d5 3. exd5 cxd5 4. cxd5 Nf6 5. Qa4+ Nbd7 6. Nc3 g6 7. Nf3 Bg7 8. Bc4 O-O 9. d3 Nb6 10. Qb3 e6 11.
dxe6 Bxe6 12. Bxe6 Re8 13. O-O Rxe6 14. d4 Nfd5 15. Bg5 Qd7 16. Rfe1 h6 17. Rxe6 Qxe6 18. Re1 Qd7 19. Bd2 Re8 20. Rxe8+ Qxe8 21. Nxd5 Nxd5 22. Qxd5 b6 23. h4 Qa4 24. h5 Qd1+ 25. Kh2 g5 26.
Be3 g4 27. Ne5 1-0

[Event "*** Titled Tuesday Blitz"]
[Site "Chess.com"]
[Date "2018.06.05"]
[Round "3"]
[White "VitaliyBernadskiy"]
[Black "MyleneFarmer"]
[Result "1-0"]
[WhiteElo "2628"]
[BlackElo "2382"]
[TimeControl "180+2"]
[EndTime "13:37:45 PDT"]
[Termination "VitaliyBernadskiy won on time"]

1. e4 c5 2. Nf3 d6 3. Nc3 Nf6 4. e5 dxe5 5. Nxe5 Nbd7 6. Bb5 e6 7. d4 cxd4 8. Qxd4 a6 9. Bxd7+ Nxd7 10. Nc4 Bc5 11. Qxg7 Qf6 12. Qxf6 Nxf6 13. Be3 Bxe3 14. fxe3 Ke7 15. Nb6 Rb8 16. O-O Bd7 17. Rxf6 1-0

[Event "*** Titled Tuesday Blitz"]
[Site "Chess.com"]
[Date "2018.06.05"]
[Round "3"]
[White "grzechu96"]
[Black "AlexanderL"]
[Result "0-1"]
[WhiteElo "2491"]
[BlackElo "2726"]
[TimeControl "180+2"]
[EndTime "13:38:01 PDT"]
[Termination "AlexanderL won by resignation"]

1. e4 e6 2. d4 d5 3. Nc3 Bb4 4. e5 c5 5. a3 Bxc3+ 6. bxc3 Qa5 7. Bd2 Qa4 8. Qg4 Kf8 9. Qd1 b6 10. dxc5 bxc5 11. Nf3 Ne7 12. Rb1 Ba6 13. Bxa6 Qxa6 14. Qe2 c4 15. O-O Nbc6 16. Nd4 h6 17. f4 Nxd4 18.
cxd4 Kg8 19. g4 h5 20. f5 hxg4 21. f6 Nf5 22. fxg7 Rh7 23. Rf4 g3 24. hxg3 Qxa3 25. Qg2 Qxg3 26. Qxg3 Nxg3 27. Rb7 Ne2+ 0-1

[Event "*** Titled Tuesday Blitz"]
[Site "Chess.com"]
[Date "2018.06.05"]
[Round "3"]
[White "Blitzking4444"]
[Black "Jadeit90"]
[Result "1-0"]
[WhiteElo "2078"]
[BlackElo "2153"]
[TimeControl "180+2"]
[EndTime "13:38:03 PDT"]
[Termination "Blitzking4444 won by checkmate"]

1. e4 g6 2. d4 Bg7 3. Nc3 c5 4. dxc5 Qa5 5. Ne2 Qxc5 6. Be3 Qa5 7. Bd4 Nf6 8. e5 Ng4 9. e6 f6 10. Nc1 Ne5 11. Nb3 Qd8 12. Bxe5 fxe5 13. Bc4 d6 14.
Qf3 Rf8 15. Bb5+ Nd7 16. Qh3 a6 17. exd7+ Kf7 18. Bc4+ Kf6 19. Ne4# 1-0

[Event "*** Titled Tuesday Blitz"]
[Site "Chess.com"]
[Date "2018.06.05"]
[Round "3"]
[White "blitzcopter"]
[Black "akashcheck"]
[Result "0-1"]
[WhiteElo "2075"]
[BlackElo "2162"]
[TimeControl "180+2"]
[EndTime "13:38:03 PDT"]
[Termination "akashcheck won by resignation"]

1. e4 e5 2. Bc4 Nf6 3. d3 Nc6 4. Nc3 Bb4 5. Ne2 d5 6. exd5 Nxd5 7. O-O Bxc3 8. Nxc3 Nxc3 9. bxc3 O-O 10. f4 Be6 11. Bb3 Bxb3 12. axb3 Qd5 13. Kh1 e4 14. f5 exd3 15.
cxd3 f6 16. d4 Rfe8 17. Bf4 Re7 18. Qc2 Rae8 19. Rad1 Re2 0-1